 Dungeon Crawl Stone Soup version 0.15.2 (webtiles) character file.

182 Krimnash the Firebug (level 5, -3/28 HPs)
             Began as a Gargoyle Fire Elementalist on Dec 13, 2014.
             Killed by miscasting Sticky Flame (22 damage)
             ... on Level 3 of the Dungeon.
             The game lasted 00:10:24 (3098 turns).

Krimnash the Firebug (Gargoyle Fire Elementalist)   Turns: 3098, Time: 00:10:24

HP  -3/28        AC  6     Str 12      XL: 5   Next: 61%
MP   5/9         EV 12     Int 16      God:
Gold 105         SH  0     Dex 10      Spells:  3 memorised,  1 level left

rFire  . . .     SeeInvis .     (no weapon)
rCold  . . .     Clarity  .     a - +0 robe
rNeg   + . .     rCorr    .     (no shield)
rPois  +         rRot     +     (no helmet)
rElec  +         Spirit   .     (no cloak)
SustAb .         Warding  .     (no gloves)
rMut   .         Stasis   .     (no boots)
Gourm  .                        (no amulet)
MR     .....                    (no ring)
                                (no ring)

@: very slightly contaminated, not resistant to hostile enchantments, unstealthy
A: negative energy resistance 1, electricity resistance, unbreathing,
petrification resistance, rot immunity, AC +4
a: no special abilities


You were on level 3 of the Dungeon.
You were not hungry.

You visited 1 branch of the dungeon, and saw 3 of its levels.

You collected 105 gold pieces.

Inventory:

Hand weapons
 d - a +0 club
Armour
 a - a +0 robe (worn)
 r - a +0 leather armour
Magical devices
 l - a wand of flame (6)
Comestibles
 c - 3 bread rations
 n - 2 meat rations
 o - 4 fruits
Scrolls
 e - a scroll of immolation {unknown}
 f - 6 scrolls of identify {unknown}
 g - a scroll of amnesia {unknown}
 h - a scroll of enchant armour {unknown}
 i - a scroll of fog {unknown}
 j - 2 scrolls of teleportation {unknown}
Potions
 k - a potion of might {unknown}
 m - a potion of heal wounds {unknown}
 p - a potion of confusion {unknown}
Books
 b - a book of Flames

   Spells                             Type                      Level
   *Flame Tongue                      Conjuration/Fire             1
   Throw Flame                        Conjuration/Fire             2
   *Conjure Flame                     Conjuration/Fire             3
   Inner Flame                        Hexes/Fire                   3
   *Sticky Flame                      Conjuration/Fire             4
   Fireball                           Conjuration/Fire             5


   Skills:
 - Level 1.5 Dodging
 - Level 2.1 Stealth
 - Level 2.5 Spellcasting
 * Level 4.2 Conjurations
 * Level 4.3 Fire Magic


You had one spell level left.
You knew the following spells:

 Your Spells              Type           Power        Failure   Level  Hunger
a - Flame Tongue          Conj/Fire      ###..        4%          1    #......
b - Conjure Flame         Conj/Fire      ###.....     12%         3    ###....
c - Sticky Flame          Conj/Fire      ###.....     38%         4    #####..


Dungeon Overview and Level Annotations

Branches:
Dungeon (3/15)

Altars:
Makhleb

Annotations:
D:3 Sigmund


Innate Abilities, Weirdness & Mutations

You are resistant to torment.
You are immune to poison.
Your stone body is very resilient (AC +4).
You resist negative energy.
You are resistant to electric shocks.
You can survive without breathing.
You are immune to petrification.
You are immune to rotting.


Message History

Press: ? - help, Shift-Dir - straight line, f/p - ooze
Aim: an ooze (heavily wounded)
The flame tongue hits the ooze.
You kill the ooze!
You start resting.
Magic restored.
Sigmund the Dreaded comes into view.
He is wielding a scythe.
Sigmund shouts!
Sigmund hits you from afar with a scythe!
Unknown command.
Casting: Flame Tongue
Confirm with . or Enter, or press ? or * to list all spells.
Aiming: Sticky Flame
Press: ? - help, Shift-Dir - straight line, f - Sigmund
Aim: Sigmund, wielding a scythe and wearing a robe You miscast Sticky Flame.
You are very lightly contaminated with residual magic.
You are caught in a fiery explosion!
The explosion engulfs you!
Ouch! That really hurt!
You die...

.# ..# .### ...
...# #.. ..... #.#
##### #.# ...
#.####### ####.
+@........ ..(..
#@# ##### #.# #.#
################.#
.................#
....############.#
....# #.# ....#
#.# ....# ###


You could see Sigmund.

Vanquished Creatures
  Ijyb (D:3)
  Jessica (D:2)
  8 adders
  A worm (D:2)
  3 giant geckos
  3 oozes
  2 orcs (D:3)
  6 hobgoblins
  6 kobolds
  A quokka (D:3)
  9 bats
  2 giant cockroaches
  5 giant newts
  14 goblins
  2 jackals (D:3)
  8 rats
72 creatures vanquished.

Notes
Turn   | Place    | Note
--------------------------------------------------------------
     0 | D:1      | Krimnash, the Gargoyle Fire Elementalist, began the quest for the Orb.
     0 | D:1      | Reached XP level 1. HP: 10/10 MP: 3/3
   224 | D:1      | Reached XP level 2. HP: 15/15 MP: 0/4
  1033 | D:2      | Reached XP level 3. HP: 19/19 MP: 3/6
  1039 | D:2      | Learned a level 3 spell: Conjure Flame
  1613 | D:2      | Reached XP level 4. HP: 21/24 MP: 0/8
  1619 | D:2      | Learned a level 4 spell: Sticky Flame
  1647 | D:2      | Reached skill level 4 in Fire Magic
  1732 | D:2      | Noticed Jessica
  1767 | D:2      | Killed Jessica
  2227 | D:2      | Found a burning altar of Makhleb.
  2227 | D:2      | Noticed a green death
  2350 | D:3      | Reached XP level 5. HP: 25/28 MP: 5/9
  2879 | D:3      | Noticed Ijyb
  2945 | D:3      | Killed Ijyb
  3093 | D:3      | Noticed Sigmund
  3098 | D:3      | Killed by miscasting Sticky Flame

Action                   |  1- 3 |  4- 6 || total
-------------------------+-------+-------++-------
Melee: Unarmed           |    44 |     5 ||    49
 Cast: Flame Tongue      |    63 |    73 ||   136
       Sticky Flame      |       |     2 ||     2
  Eat: Chunk             |     3 |     6 ||     9
